 Dungeon Crawl Stone Soup version 0.21.0-3-g78d12a8 (webtiles) character file.

99 pie21 the Cudgeler (level 4, 45/45 HPs)
             Began as a Troll Berserker on Jan 6, 2018.
             Was a Believer of Trog.
             Quit the game on level 2 of the Dungeon on Jan 9, 2018.
             The game lasted 00:19:30 (1881 turns).

pie21 the Cudgeler (Troll Berserker)                Turns: 1881, Time: 00:19:30

Health: 45/45      AC:  9    Str: 23    XL:     4   Next: 45%
Magic:  3/3        EV: 10    Int:  3    God:    Trog [**....]
Gold:   96         SH:  0    Dex:  9    Spells: 3/3 levels left

rFire    . . .     SeeInvis .   m - +3 quarterstaff (chaos)
rCold    . . .     Gourm    +   (shield currently unavailable)
rNeg     . . .     Faith    .   b - +1 animal skin
rPois    .         Spirit   .   (helmet restricted)
rElec    .         Reflect  .   n - +2 cloak {MR+}
rCorr    .         Harm     +   (gloves unavailable)
MR       +....                  (boots unavailable)
Stlth    ..........             o - amulet of harm
HPRegen  0.55/turn              h - ring of loudness (curse)
MPRegen  0.08/turn              r - -3 ring of strength (curse)

@: no status effects
A: large, unfitting armour, claws 3, fast metabolism 3, gourmand, regeneration
1, shaggy fur 1, tough skin 2
a: Berserk, Trog's Hand, Burn Spellbooks, Renounce Religion


You were on level 2 of the Dungeon.
You worshipped Trog.
Trog was pleased with you.
You were completely stuffed.

You visited 1 branch of the dungeon, and saw 2 of its levels.

You collected 96 gold pieces.

Inventory:

Hand Weapons
 a - a +4 dagger of protection
 m - a +3 quarterstaff of chaos (weapon)
Missiles
 d - 18 arrows
 f - 46 stones (quivered)
 k - 18 bolts
 l - 6 poisoned needles
Armour
 b - a +1 animal skin (worn)
 n - a +2 cloak of magic resistance (worn)
Jewellery
 h - a cursed ring of loudness (left claw)
 o - an amulet of harm (around neck)
 q - an uncursed ring of magical power
 r - a cursed -3 ring of strength (right claw)
Scrolls
 i - a scroll of teleportation {unknown}
Potions
 e - 4 potions of curing {unknown}
 g - a potion of lignification {unknown}
 p - a potion of mutation {unknown}
 s - a potion of degeneration {unknown}
Comestibles
 c - 3 rations
 j - 7 chunks of flesh


   Skills:
 * Level 3.3 Fighting
   Level 3.3(3.4) Maces & Flails
 + Level 0.7(2.0) Staves
 + Level 2.9 Dodging
 + Level 0.2 Stealth


You had 3 spell levels left.
You didn't know any spells.

Dungeon Overview and Level Annotations

Branches:
Dungeon (2/15)

Altars:
Zin


Innate Abilities, Weirdness & Mutations

You are too large for most types of armour.
You have claws for hands.
Your metabolism is lightning-fast.
You like to eat raw meat.
Your natural rate of healing is unusually fast.
You are covered in fur. (AC +1)
You have very tough skin. (AC +2)


Message History

There is a glowing silver altar of Zin here.
You kneel at the altar of Zin.
Welcome back, pie21 the Troll Berserker.
Trog says: Kill them all!
Press ? for a list of commands and other information.
Welcome back, pie21 the Troll Berserker.
Trog says: Kill them all!
Press ? for a list of commands and other information.
Welcome back, pie21 the Troll Berserker.
Trog says: Kill them all!
Press ? for a list of commands and other information.
Unknown command.
Press < or > to pray at altars.
Quiver which item? (- for none, * to show all) (? for menu, Esc to quit)
Okay, then.
Are you sure you want to abandon this character and quit the game? (Confirm with "yes".)
Okay, then.
Unknown command.
Press < or > to pray at altars.
Are you sure you want to abandon this character and quit the game? (Confirm with "yes".)

####.##.<##.# #.# .# ### #
#.##..##.# #.###.# #
#.##..##.# #.#...#### ##
#.##.#.... ##........ .#
#.##.#.### #......### .#
#.##.#.# #......#
.###.##.... ♣♣.....#
......#.# ♣......#
........# ♣@.....#
..##.)###.# ♣......#
^.....###.# #.♣.....#
..........######♣....##
..####.##.#....#.....#####
# ..#
#.##.#.#####.......... #
### #.##.#.# ###...#####. #
#÷#....####........##.# #
##......##.......##.##.####
#


There were no monsters in sight!

Vanquished Creatures
  Crazy Yiuf (D:2)
  An adder (D:2)
  2 worms (D:2)
  3 dart slugs (D:1)
  2 leopard geckos
  6 bats
  A giant cockroach (D:1)
  5 goblins
  4 hobgoblins
  9 jackals
  3 kobolds
  3 frilled lizards
  A rat (D:1)
41 creatures vanquished.

Notes
Turn   | Place    | Note
-------+----------+-------------------------------------------
     0 | D:1      | pie21 the Troll Berserker began the quest for the Orb.
     0 | D:1      | Reached XP level 1. HP: 22/22 MP: 0/0
   174 | D:1      | Reached XP level 2. HP: 29/29 MP: 1/1
   890 | D:1      | Reached ** piety under Trog
  1088 | D:1      | Reached XP level 3. HP: 33/37 MP: 2/2
  1315 | D:2      | Found a runed door.
  1319 | D:2      | Noticed Crazy Yiuf
  1328 | D:2      | Killed Crazy Yiuf
  1496 | D:2      | Reached XP level 4. HP: 45/45 MP: 3/3
  1857 | D:2      | Found a glowing silver altar of Zin.
  1881 | D:2      | Upgraded the game from 0.21.0 to 0.21.0-3-g78d12a8
  1881 | D:2      | Quit the game

Skill      XL: |  1  2 |
---------------+-------+-----
Fighting       | 3 |  3.3
Maces & Flails | 3 |  3.3
Staves         | |  0.7
Dodging        | |  2.9
Stealth        | |  0.2

Action                   |  1- 3 |  4- 6 || total
-------------------------+-------+-------++-------
Melee: Mace              |    88 |       ||    88
       Quarterstaff      |     5 |    38 ||    43
Throw: Stone             |     6 |       ||     6
Invok: Berserk           |     1 |       ||     1
  Use: Scroll            |     1 |       ||     1
       Potion            |       |     1 ||     1
 Stab: Sleeping          |     1 |       ||     1
  Eat: Chunk             |    20 |     4 ||    24
Armor: Animal skin       |    43 |    21 ||    64
Dodge: Dodged            |    48 |    23 ||    71
